 Dungeon Sprint DCSS version 0.26-a0-690-gcb57259078 (webtiles) character file.

Game seed: 10609221159278228605

196393 mhtbhm the Swordmaster (level 17, -19/179 HPs)
             Began as a Barachi Fighter on Oct 23, 2020.
             Was the Champion of Trog.
             Killed from afar by Antaeus (31 damage)
             ... with a flash freeze
             ... in the Dungeon (Sprint IX: "|||||||||||||||||||||||||||||") on Oct 24, 2020.
             The game lasted 00:24:02 (5928 turns).

mhtbhm the Swordmaster (Barachi Fighter)            Turns: 5928, Time: 00:24:02

Health: -19/179    AC: 23    Str: 22    XL:     17   Next: 55%
Magic:  17/17      EV: 24    Int:  5    God:    Trog [******]
Gold:   733        SH: 29    Dex: 12    Spells: 16/16 levels left

rFire    + . .     SeeInvis .   p - +8 demon blade "Spiderslayer" {flame, rC++ rN+ Int-4}
rCold    + + .     Faith    .   c - +3 tower shield
rNeg     + . .     Spirit   .   b - quicksilver dragon scales of Gestures {rPois MR+ Stlth+}
rPois    +         Reflect  .   m - +0 helmet of Jastruxky {+Inv}
rElec    +         Harm     .   (no cloak)
rCorr    .         Rampage  .   v - +4 pair of gloves of the Dropbear {+Fly rElec MR++ Str-2}
MR       ++++.     Clarity  +   u - +0 pair of boots Stlth +++++.....NoTele +
                                l - amulet of the acrobat
HPRegen  0.79/turn              A - ring of poison resistance
MPRegen  0.15/turn              B - ring of protection from fire

@: slow
A: +LOS, swims, rugged brown scales 1, clarity, deformed body, regeneration 1,
slowness 1, strong legs 2
}: 3/17 runes: decaying, serpentine, gossamer
a: Hop, Berserk, Trog's Hand, Brothers in Arms, Renounce Religion, Evoke
Invisibility, Evoke Flight


You were in the Dungeon.
You worshipped Trog.
Trog was exalted by your worship.
You visited 1 branch You collected 1940 gold pieces.
You spent 1207 gold pieces at shops.

Inventory:

Hand Weapons
 a - the +8 demon blade of the Puffin {flame, Dex+6}
   (Trog gifted it to you in the Dungeon)

   It has been specially enchanted to burn those struck by it, causing extra
   injury to most foes and up to half again as much damage against particularly
   susceptible opponents.
   Big, fiery blades are also staple armaments of hydra-hunters.
   It affects your dexterity (+6).
 p - the +8 demon blade "Spiderslayer" (weapon) {flame, rC++ rN+ Int-4}
   (Trog gifted it to you in the Dungeon)

   It has been specially enchanted to burn those struck by it, causing extra
   injury to most foes and up to half again as much damage against particularly
   susceptible opponents.
   Big, fiery blades are also staple armaments of hydra-hunters.
   It affects your intelligence (-4).
   It greatly protects you from cold.
   It protects you from negative energy.
 C - the cursed +14 obsidian axe {vorpal, +Fly SInv *Curse}
   (You found it in the Dungeon)

   It inflicts extra damage upon your enemies.
   It lets you see invisible.
   It lets you fly.
   It curses itself when equipped.
   It has a curse placed upon it.
Armour
 b - the quicksilver dragon scales of Gestures (worn) {rPois MR+ Stlth+}
   (You found it in the Dungeon)

   It protects you from poison.
   It affects your resistance to hostile enchantments.
   It makes you more stealthy.
 c - a +3 tower shield (worn)
 m - the +0 helmet of Jastruxky (worn) {+Inv}
   (You found it in the Dungeon)

   It lets you turn invisible.
 u - a +0 pair of boots (worn)
 v - the +4 pair of gloves of the Dropbear (worn) {+Fly rElec MR++ Str-2}
   (You bought it in a shop in the Dungeon)

   It affects your strength (-2).
   It insulates you from electricity.
   It affects your resistance to hostile enchantments.
   It lets you fly.
Jewellery
 l - an amulet of the acrobat (around neck)
 n - a +2 ring of evasion
 o - a +2 ring of protection
 y - an uncursed ring of protection from cold
 A - a ring of poison resistance (left hand)
 B - a ring of protection from fire (right hand)
 E - an uncursed ring of see invisible
Scrolls
 j - 3 scrolls of blinking
 k - 5 scrolls of remove curse
 q - 7 scrolls of identify
 r - 6 scrolls of enchant armour
 s - 3 scrolls of fear
 x - a scroll of summoning
 D - 2 scrolls of fog
Potions
 d - a potion of might
 e - 9 potions of curing
 f - 11 potions of heal wounds
 g - a potion of ambrosia
 h - 4 potions of magic
 i - a potion of invisibility
 t - 4 potions of resistance
 w - 2 potions of mutation
 z - a potion of stabbing
 F - a potion of berserk rage
 G - 2 potions of haste


   Skills:
 O Level 27 Fighting
 O Level 27 Long Blades
 + Level 19.5 Armour
 + Level 23.4 Dodging
 + Level 12.7 Stealth
 O Level 27 Shields
 + Level 7.3 Evocations


You had 16 spell levels left.
You didn't know any spells.
Your spell library was empty.

Dungeon Overview and Level Annotations

Branches:
Dungeon (1/1)

Altars:
Cheibriados
Dithmenos
Elyvilon
Fedhas
Gozag
Hepliaklqana
Kikubaaqudgha
Makhleb
Nemelex Xobeh
Okawaru
Qazlal
Ru
Sif Muna
Trog
Uskayaw
Vehumet
Wu Jian
Xom
Yredelemnul
Zin
The Shining One
Beogh
Jiyva
Lugonu

Shops:
D [!?(

Annotations:
D Antaeus


Innate Abilities, Weirdness & Mutations

You can be seen from farther away. (+LOS)
You can swim through water.
You cover ground slowly.
You can hop long distances.
You are partially covered in rugged brown scales. (AC +1, +3% HP)
You possess an exceptional clarity of mind.
Armour fits poorly on your strangely shaped body.
Your natural rate of healing is unusually fast.


Message History

Unknown command.
You slash the ironbrand convoker! You burn the ironbrand convoker.
The ironbrand convoker is heavily wounded.
Antaeus hits you!!!
* * * LOW HITPOINT WARNING * * *
Antaeus freezes you!! You resist.
* * * LOW HITPOINT WARNING * * *
You block Antaeus's attack.
You slash the ironbrand convoker! You burn the ironbrand convoker.
The ironbrand convoker is severely wounded.
The ironbrand convoker gestures at the purple draconian while chanting.
The purple draconian seems to grow stronger.
You block Antaeus's attack. x2
Unknown command.
Okay, then.
Press: ? - help, Dir - move target cursor
As you read the scroll of blinking, it crumbles to dust.
Antaeus gestures at you. The flash freeze hits you!! You partially resist.
You die...

▓p▓.▓(▓.▓.▓.▓)▓.▓(
▓C▓.▓[▓.▓.▓.▓)▓.▓.
▓)▓.▓[▓.▓!▓.▓)▓.▓.
▓)▓.▓[▓.▓.▓.▓)▓.▓.
▓)▓.▓[▓.▓.▓.▓)▓.▓.
▓(▓.▓[▓.▓.▓.▓(▓.▓†
▓)▓.▓[▓.▓.▓.▓(▓.▓)
▓)▓.▓[▓.▓.▓.▓÷▓.▓)
▓@▓.▓)▓.▓.▓.▓(▓.▓†
▓'▓.▓)▓.▓[▓.▓+▓.▓†
▓.▓.▓'▓)▓[▓.▓.▓.▓'
▓)▓.▓.▓.▓[▓)▓.▓.▓.
▓)▓.▓(▓.▓.▓)▓.▓.▓.
▓)▓.▓(▓.▓[▓.▓.▓.▓.
▓)▓.▓.▓.▓[▓.▓.▓.▓.
▓)▓.▓.▓.▓.▓)▓.▓.▓†
▓.▓.▓(▓.▓.▓)▓.▓.▓†


You could see Antaeus and an ironbrand convoker (catching breath).

Vanquished Creatures
  Mara (D)
  Saint Roka (D)
  Frederick (D)
  A tentacled monstrosity (D)
  3 liches (D)
  An Orb Guardian (D)
  A sphinx (D)
  Agnes (D)
  5 nagarajas (D)
  3 shadow dragons (D)
  Ilsuiw (D)
  2 fire giants (D)
  2 vault wardens (D)
  A frost giant (D)
  Louise (D)
  An ironheart preserver (D)
  7 emperor scorpions (D)
  3 stone giants (D)
  A vampire knight (D)
  Nessos (D)
  2 dire elephants (D)
  A crystal guardian (D)
  2 ettins (D)
  2 merfolk javelineers (D)
  A fire dragon (D)
  4 yaktaur captains (D)
  Josephine (D)
  5 merfolk impalers (D)
  10 hydras (D)
  25 vault guards (D)
  A spriggan air mage (D)
  5 centaur warriors (D)
  A two-headed ogre (D)
  2 merfolk avatars (D)
  Erica (D)
  2 ogre magi (D)
  A death knight (D)
  2 alligators (D)
  2 merfolk aquamancers (D)
  A deep troll earth mage (D)
  2 death yaks (D)
  A shock serpent (D)
  Nergalle (D)
  A naga sharpshooter (D)
  2 orc high priests (D)
  A deep elf knight (D)
  2 sea snakes (D)
  A naga ritualist (D)
  A deep troll (D)
  A spriggan druid (D)
  4 swamp dragons (D)
  A necromancer (D)
  An ironbrand convoker (D)
  5 orc knights (D)
  A flayed ghost (D)
  A mana viper (D)
  A harpy (D)
  3 wolf spiders (D)
  2 cyclopes (D)
  3 ugly things (D)
  4 orc sorcerers (D)
  2 manticores (D)
  An elephant (shapeshifter) (D)
  2 black mambas (D)
  2 cane toads (D)
  3 guardian serpents (D)
  6 elephants (D)
  2 vault sentinels (D)
  A naga mage (D)
  Psyche (D)
  A water nymph (D)
  A rime drake (D)
  4 komodo dragons (D)
  3 demonic crawlers (D)
  2 yaktaurs (D)
  A guardian mummy (D)
  2 jumping spiders (D)
  2 merfolk (D)
  A hornet (D)
  A tyrant leech (D)
  A snapping turtle (shapeshifter) (D)
  A blink frog (D)
  2 slime creatures (D)
  A snapping turtle (D)
  A bog body (D)
  6 wraiths (D)
  A shadow (D)
  2 tarantellas (D)
  2 redbacks (D)
  A wyvern (D)
  Eustachio (D)
  A tarantella (shapeshifter) (D)
  2 hogs (shapeshifter) (D)
  2 yaks (D)
  3 vampire mosquitoes (D)
  2 nagas (D)
  A water moccasin (D)
  A soldier ant (D)
  A swamp drake (D)
  13 orc warriors (D)
  A boggart (D)
  A wolf (D)
  2 bullfrogs (D)
  A howler monkey (shapeshifter) (D)
  A hound (D)
  A jelly (D)
  4 orc priests (D)
  2 orc wizards (D)
  An iguana (D)
  4 worker ants (D)
  An ufetubus (D)
  An adder zombie (D)
  A dart slug (D)
  A leopard gecko (D)
  17 orcs (D)
  A bat skeleton (D)
  A giant cockroach (D)
  2 bats (D)
  A kobold (D)
275 creatures vanquished.

Vanquished Creatures (collateral kills)
  Margery (D)
  An emperor scorpion (D)
  A very ugly thing (D)
  An ironheart preserver (D)
  A naga warrior (D)
  An ogre mage (D)
  An orc high priest (D)
  4 hell knights (D)
  An orc knight (D)
  2 necromancers (D)
  A moth of wrath (D)
  A vault sentinel (D)
  A naga mage (D)
  A jumping spider (D)
18 creatures vanquished.

Vanquished Creatures (others)
  A naga warrior (D)
  A merfolk aquamancer (D)
  A naga mage (D)
  A naga (D)
  A bat simulacrum (D)
5 creatures vanquished.

Grand Total: 298 creatures vanquished

Notes
Turn   | Place    | Note
-------+----------+-------------------------------------------
     0 | D        | mhtbhm the Barachi Fighter began the quest for the Orb.
     0 | D        | Reached XP level 1. HP: 18/18 MP: 1/1
    14 | D        | Reached XP level 2. HP: 20/26 MP: 2/2
    86 | D        | Reached skill level 5 in Fighting
    86 | D        | Reached skill level 5 in Armour
    86 | D        | Reached XP level 3. HP: 33/33 MP: 3/3
    89 | D        | Reached skill level 5 in Shields
    92 | D        | Reached skill level 5 in Long Blades
    92 | D        | Reached XP level 4. HP: 40/40 MP: 4/4
   103 | D        | Found a roughly hewn altar of Beogh.
   103 | D        | Found a snail-covered altar of Cheibriados.
   103 | D        | Found a shadowy altar of Dithmenos.
   103 | D        | Found a white marble altar of Elyvilon.
   103 | D        | Found a blossoming altar of Fedhas.
   103 | D        | Found an opulent altar of Gozag.
   103 | D        | Found a hazy altar of Hepliaklqana.
   104 | D        | Found a viscous altar of Jiyva.
   105 | D        | Found an ancient bone altar of Kikubaaqudgha.
   106 | D        | Found a corrupted altar of Lugonu.
   107 | D        | Found a burning altar of Makhleb.
   108 | D        | Found a sparkling altar of Nemelex Xobeh.
   109 | D        | Found an iron altar of Okawaru.
   110 | D        | Found a stormy altar of Qazlal.
   111 | D        | Found a sacrificial altar of Ru.
   112 | D        | Found a shimmering blue altar of Sif Muna.
   113 | D        | Found a bloodstained altar of Trog.
   114 | D        | Found a hide-covered altar of Uskayaw.
   115 | D        | Found a radiant altar of Vehumet.
   116 | D        | Found an ornate altar of the Wu Jian Council.
   117 | D        | Found a shimmering altar of Xom.
   118 | D        | Found a basalt altar of Yredelemnul.
   119 | D        | Found a glowing silver altar of Zin.
   120 | D        | Found a glowing golden altar of the Shining One.
   122 | D        | Became a worshipper of Trog the Wrathful
   139 | D        | Got the +2 scimitar "Mappeshi" {freeze, MR- Str+4 Int+5}
   271 | D        | Noticed a wraith
   271 | D        | Noticed an orc warrior
   273 | D        | Reached XP level 5. HP: 44/48 MP: 5/5
   286 | D        | Killed an orc warrior
   286 | D        | Reached * piety under Trog
   286 | D        | Reached XP level 6. HP: 24/56 MP: 6/6
   290 | D        | Killed a wraith
   290 | D        | Reached skill level 10 in Long Blades
   295 | D        | Reached ** piety under Trog
   519 | D        | Noticed a soldier ant
   519 | D        | Noticed a brown ugly thing
   519 | D        | Noticed a two-headed ogre
   519 | D        | Noticed a centaur warrior
   525 | D        | Killed a centaur warrior
   525 | D        | Reached skill level 10 in Fighting
   525 | D        | Reached skill level 1 in Dodging
   525 | D        | Reached XP level 7. HP: 67/67 MP: 7/7
   525 | D        | Reached XP level 8. HP: 74/74 MP: 8/8
   534 | D        | Killed a two-headed ogre
   534 | D        | Reached skill level 10 in Armour
   534 | D        | Reached XP level 9. HP: 22/82 MP: 9/9
   551 | D        | Reached *** piety under Trog
   552 | D        | Killed a brown ugly thing
   552 | D        | Reached skill level 15 in Long Blades
   552 | D        | Reached skill level 10 in Shields
   552 | D        | Reached skill level 1 in Evocations
   819 | D        | Gained mutation: Your natural rate of healing is unusually
                  | fast. [potion of mutation]
   819 | D        | Gained mutation: You are partially covered in rugged brown
                  | scales. (AC +1, +3% HP) [potion of mutation]
   819 | D        | Gained mutation: Armour fits poorly on your strangely
                  | shaped body. [potion of mutation]
   819 | D        | Gained mutation: You possess an exceptional clarity of
                  | mind. [potion of mutation]
   820 | D        | Noticed an eight-headed hydra
   820 | D        | Noticed a komodo dragon
   820 | D        | Noticed a komodo dragon
   820 | D        | Noticed a cane toad
   824 | D        | Reached skill level 1 in Stealth
   834 | D        | Reached **** piety under Trog
   845 | D        | Killed a cane toad
   849 | D        | Killed a komodo dragon
   854 | D        | Killed a komodo dragon
   854 | D        | Reached XP level 10. HP: 70/94 MP: 10/10
   862 | D        | Killed a 14-headed hydra
   862 | D        | Reached ***** piety under Trog
  1072 | D        | Noticed a death yak
  1072 | D        | Noticed a death yak
  1072 | D        | Noticed a cane toad
  1077 | D        | Killed a cane toad
  1095 | D        | Killed a death yak
  1105 | D        | Killed a death yak
  1106 | D        | Reached skill level 15 in Fighting
  1110 | D        | Reached ****** piety under Trog
  1110 | D        | Received a gift from Trog
  1110 | D        | Reached XP level 11. HP: 105/105 MP: 11/11
  1133 | D        | Got a jewelled demon blade {god gift}
  1134 | D        | Identified the +8 demon blade "Spiderslayer" {flame, rC++
                  | rN+ Int-4} (Trog gifted it to you in the Dungeon)
  1202 | D        | Noticed a dire elephant
  1203 | D        | Noticed a dire elephant
  1225 | D        | Killed a dire elephant
  1225 | D        | Received a gift from Trog
  1234 | D        | Killed a dire elephant
  1252 | D        | Got a transparent demon blade {god gift}
  1253 | D        | Identified the +8 demon blade of the Puffin {flame, Dex+6}
                  | (Trog gifted it to you in the Dungeon)
  1344 | D        | Noticed Eustachio
  1348 | D        | Killed Eustachio
  1360 | D        | Noticed Erica
  1370 | D        | Killed Erica
  1451 | D        | Received a gift from Trog
  1469 | D        | Received a gift from Trog
  1598 | D        | Noticed an orc high priest
  1598 | D        | Noticed an orc knight
  1615 | D        | Killed an orc knight
  1619 | D        | Noticed an orc sorcerer
  1622 | D        | Received a gift from Trog
  1622 | D        | Reached skill level 5 in Dodging
  1627 | D        | Killed an orc high priest
  1627 | D        | Reached XP level 12. HP: 107/117 MP: 12/12
  1654 | D        | Received a gift from Trog
  1733 | D        | Found Mukkis's Antique Weapon Boutique.
  1733 | D        | Noticed an orc high priest
  1739 | D        | Killed an orc high priest
  1740 | D        | Found Jomiseaz's Magic Scroll Shop.
  1745 | D        | Found Efasoo's Distillery.
  1746 | D        | Received a gift from Trog
  1747 | D        | Reached skill level 15 in Armour
  1751 | D        | Found Sisec's Antique Armour Shop.
  1753 | D        | Noticed an orc high priest
  1772 | D        | Killed an orc high priest
  1772 | D        | Received a gift from Trog
  1900 | D        | Bought a scroll of enchant armour for 75 gold pieces
  1900 | D        | Bought a scroll of enchant armour for 75 gold pieces
  1900 | D        | Bought a scroll of identify for 20 gold pieces
  1902 | D        | Bought a potion of heal wounds for 55 gold pieces
  1902 | D        | Bought a potion of curing for 33 gold pieces
  1902 | D        | Bought a potion of heal wounds for 55 gold pieces
  1904 | D        | Bought a pair of brightly glowing gloves for 228 gold
                  | pieces
  1914 | D        | Identified the +4 pair of gloves of the Dropbear {+Fly
                  | rElec MR++ Str-2} (You bought it in a shop in the Dungeon)
  1917 | D        | Bought 2 potions of resistance for 220 gold pieces
  1917 | D        | Bought a potion of mutation for 88 gold pieces
  1917 | D        | Bought a potion of mutation for 88 gold pieces
  1919 | D        | Bought a scroll of identify for 20 gold pieces
  1919 | D        | Bought a scroll of identify for 20 gold pieces
  1919 | D        | Bought a scroll of identify for 20 gold pieces
  1919 | D        | Bought a scroll of identify for 20 gold pieces
  1919 | D        | Bought a scroll of summoning for 95 gold pieces
  1919 | D        | Bought a scroll of summoning for 95 gold pieces
  1955 | D        | Noticed Psyche
  1960 | D        | Killed Psyche
  1972 | D        | Noticed Josephine
  1983 | D        | Killed Josephine
  1987 | D        | Received a gift from Trog
  2053 | D        | Found the cursed +14 obsidian axe {vorpal, +Fly SInv
                  | *Curse}
  2097 | D        | Got the quicksilver dragon scales of Gestures {rPois MR+
                  | Stlth+}
  2172 | D        | Noticed a death knight
  2182 | D        | Noticed a lich
  2188 | D        | Noticed a yaktaur captain
  2190 | D        | Noticed a Tzitzimitl
  2190 | D        | Killed a death knight
  2190 | D        | Received a gift from Trog
  2194 | D        | Noticed a vampire knight
  2195 | D        | Noticed an ogre mage
  2199 | D        | Noticed a fire dragon
  2201 | D        | Reached skill level 15 in Shields
  2212 | D        | HP: 6/122 [Tzitzimitl/bolt of cold[a lich] (10)]
  2419 | D        | Noticed a Tzitzimitl
  2426 | D        | Noticed a balrug
  2427 | D        | Killed a lich
  2478 | D        | Killed a yaktaur captain
  2478 | D        | Received a gift from Trog
  2478 | D        | Gained mutation: You can hop long distances. [Barachi
                  | growth]
  2478 | D        | Reached XP level 13. HP: 121/129 MP: 13/13
  2519 | D        | Killed a vampire knight
  2563 | D        | Killed a fire dragon
  2629 | D        | Noticed Agnes
  2645 | D        | Killed Agnes
  2744 | D        | Noticed Nergalle
  2746 | D        | Noticed Saint Roka
  2760 | D        | Killed Nergalle
  2760 | D        | Received a gift from Trog
  2777 | D        | Killed Saint Roka
  2777 | D        | Reached skill level 5 in Evocations
  2880 | D        | Noticed Nessos
  2904 | D        | Killed Nessos
  3000 | D        | Received a gift from Trog
  3018 | D        | Received a gift from Trog
  3018 | D        | Reached skill level 5 in Stealth
  3087 | D        | Received a gift from Trog
  3233 | D        | Reached XP level 14. HP: 142/142 MP: 14/14
  3243 | D        | Received a gift from Trog
  3300 | D        | Received a gift from Trog
  3316 | D        | Reached skill level 10 in Dodging
  3506 | D        | Noticed a stone giant
  3510 | D        | Received a gift from Trog
  3511 | D        | Noticed a shadow dragon
  3522 | D        | Noticed a purple very ugly thing
  3530 | D        | Received a gift from Trog
  3531 | D        | Noticed a stone giant
  3537 | D        | Noticed a stone giant
  3538 | D        | Killed a stone giant
  3543 | D        | Noticed a fire giant
  3547 | D        | Killed a shadow dragon
  3559 | D        | Killed a purple very ugly thing
  3559 | D        | Received a gift from Trog
  3564 | D        | Noticed a lich
  3572 | D        | Killed a stone giant
  3603 | D        | Killed a stone giant
  3610 | D        | Killed a fire giant
  3614 | D        | Killed a lich
  3760 | D        | Received a gift from Trog
  3971 | D        | Noticed a sphinx
  3986 | D        | Killed a sphinx
  3986 | D        | Received a gift from Trog
  3989 | D        | Noticed a frost giant
  3996 | D        | Noticed a vault warden
  4006 | D        | Reached XP level 15. HP: 153/153 MP: 15/15
  4020 | D        | Killed a frost giant
  4020 | D        | Received a gift from Trog
  4037 | D        | Killed a vault warden
  4045 | D        | Noticed a vault warden
  4048 | D        | Received a gift from Trog
  4082 | D        | Received a gift from Trog
  4089 | D        | Killed a vault warden
  4314 | D        | Noticed Mara
  4320 | D        | Noticed mhtbhm's illusion
  4336 | D        | Noticed mhtbhm's illusion
  4341 | D        | Noticed mhtbhm's illusion
  4358 | D        | Killed Mara
  4366 | D        | Received a gift from Trog
  4370 | D        | Noticed Margery
  4377 | D        | Killed Margery
  4377 | D        | Received a gift from Trog
  4623 | D        | Got the +0 helmet of Jastruxky {+Inv}
  4757 | D        | Noticed Frederick
  4773 | D        | Killed Frederick
  4845 | D        | Noticed an emperor scorpion
  4845 | D        | Noticed an emperor scorpion
  4846 | D        | Noticed an emperor scorpion
  4867 | D        | Killed an emperor scorpion
  4867 | D        | Received a gift from Trog
  4868 | D        | Noticed an emperor scorpion
  4886 | D        | Killed an emperor scorpion
  5074 | D        | Killed an emperor scorpion
  5101 | D        | Noticed an emperor scorpion
  5102 | D        | Noticed an emperor scorpion
  5103 | D        | Noticed an emperor scorpion
  5116 | D        | Killed an emperor scorpion
  5117 | D        | Noticed an emperor scorpion
  5126 | D        | Killed an emperor scorpion
  5140 | D        | Killed an emperor scorpion
  5153 | D        | Killed an emperor scorpion
  5153 | D        | Received a gift from Trog
  5171 | D        | Killed an emperor scorpion
  5171 | D        | Reached XP level 16. HP: 110/166 MP: 16/16
  5173 | D        | Got a gossamer rune of Zot
  5262 | D        | Noticed a nagaraja
  5262 | D        | Noticed a nagaraja
  5262 | D        | Noticed a nagaraja
  5262 | D        | Noticed a nagaraja
  5264 | D        | Killed a nagaraja
  5265 | D        | Noticed a nagaraja
  5271 | D        | Killed a nagaraja
  5288 | D        | Killed a nagaraja
  5298 | D        | Killed a nagaraja
  5304 | D        | Received a gift from Trog
  5305 | D        | Killed a nagaraja
  5315 | D        | Got a serpentine rune of Zot
  5372 | D        | Noticed Ilsuiw
  5393 | D        | Received a gift from Trog
  5398 | D        | Killed Ilsuiw
  5420 | D        | Received a gift from Trog
  5468 | D        | Reached skill level 10 in Stealth
  5477 | D        | Received a gift from Trog
  5477 | D        | Reached skill level 15 in Dodging
  5514 | D        | Received a gift from Trog
  5514 | D        | Reached skill level 27 in Long Blades
  5532 | D        | Got a decaying rune of Zot
  5558 | D        | Noticed Louise
  5577 | D        | Killed Louise
  5644 | D        | Received a gift from Trog
  5661 | D        | Reached skill level 27 in Shields
  5680 | D        | Reached skill level 27 in Fighting
  5699 | D        | Received a gift from Trog
  5726 | D        | Reached XP level 17. HP: 174/179 MP: 17/17
  5747 | D        | Received a gift from Trog
  5809 | D        | Received a gift from Trog
  5824 | D        | Noticed a tentacled monstrosity
  5824 | D        | Noticed a lich
  5836 | D        | Killed a lich
  5848 | D        | Killed a tentacled monstrosity
  5853 | D        | Received a gift from Trog
  5893 | D        | Received a gift from Trog
  5901 | D        | Noticed an Orb Guardian
  5919 | D        | Received a gift from Trog
  5924 | D        | Noticed Antaeus
  5925 | D        | Killed an Orb Guardian
  5928 | D        | Killed from afar by Antaeus

Illustrated notes

Levels and vault maps discovered:
D:        linesprint [early_d, line_temple, items_1, d_10, items_2, lair_1,
          lair_end, items_3, orc_1, orc_end, items_4, d_15, swamp_1, shoals_1,
          snake_1, spider_1, d_20, vaults_1, items_5, swamp_end, shoals_end,
          snake_end, spider_end, vaults_end, d_27, items_6, zot_1, zot_end,
          crypt_end, forest_end, elf_end, slime_end, tomb_end, abyss_end,
          pan_hell_end]

Skill      XL: |  1  2  3  4  5  6  7  8  9 10 11 12 13 14 15 16 17 |
---------------+----------------------------------------------------+-----
Fighting       | 4 5 6 7 8 10 11 13 15 17 19 21 23 25 27 | 27.0
Armour         | 4 5 6 7 9 10 11 12 14 15 16 17 19 | 19.5
Shields        | 4 5 6 7 9 10 11 13 15 18 21 24 27 | 27.0
Long Blades    | 3 5 6 8 12 14 16 18 19 21 22 24 26 27 | 27.0
Dodging        | 1 2 3 5 9 11 13 18 23 | 23.4
Evocations     | 2 3 4 5 6 7 |  7.3
Stealth        | 1 2 3 5 7 8 10 12 | 12.7

Action                   |  1- 3 |  4- 6 |  7- 9 | 10-12 | 13-15 | 16-18 || total
-------------------------+-------+-------+-------+-------+-------+-------++-------
Melee: Long sword        |    16 |     4 |       |       |       |       ||    20
       Scimitar          |       |    27 |    49 |    67 |       |       ||   143
       Demon blade       |       |       |       |   202 |   501 |   405 ||  1108
Invok: Berserk           |       |     1 |     1 |     7 |    12 |     3 ||    24
       Brothers in Arms  |       |       |       |     1 |     7 |     1 ||     9
       Trog's Hand       |       |       |       |       |     1 |     1 ||     2
 Abil: Hop               |       |       |       |       |     2 |       ||     2
       Evoke Invisibilit |       |       |       |       |     1 |     1 ||     2
Evoke: Wand              |       |     1 |     3 |     3 |     3 |       ||    10
  Use: Potion            |     1 |       |     3 |     2 |     3 |       ||     9
       Scroll            |       |       |     1 |     2 |     2 |     1 ||     6
 Stab: Invisible         |       |       |       |     1 |       |     6 ||     7
       Sleeping          |       |       |       |       |     4 |     3 ||     7
       Confused          |       |       |       |       |     1 |       ||     1
       Distracted        |       |       |       |       |     1 |       ||     1
Armor: Scale mail        |     4 |     1 |       |       |       |       ||     5
       Chain mail        |       |     9 |     8 |    33 |       |       ||    50
       Quicksilver drago |       |       |       |     2 |    70 |    41 ||   113
Dodge: Dodged            |     7 |     2 |     7 |    50 |   110 |    90 ||   266
Block: Kite shield       |     4 |    19 |    18 |    77 |       |       ||   118
       Tower shield      |       |       |       |    18 |   381 |   289 ||   688
       Rpst.: Long sword |     1 |       |       |       |       |       ||     1
       Scimitar          |       |       |     1 |     2 |       |       ||     3
       Demon blade       |       |       |       |     8 |    18 |    16 ||    42

Table legend: (Time is in decaauts)
 A = Elapsed time spent in this place.
 B = Non-inter-level travel time spent in this place.
 C = Inter-level travel time spent in this place.
 D = Time resting spent in this place.
 E = Time spent auto-exploring this place.
 F = Levels seen in this place.
 G = Mean time per level.
                   A        B        C        D        E       F      G
               +--------+--------+--------+--------+--------+-----+--------+
         Total |   6034 |   6034 |      0 |   2064 |   1253 |   1 | 6034.0 |
       Dungeon |   6034 |   6034 |      0 |   2064 |   1253 |   1 | 6034.0 |
               +--------+--------+--------+--------+--------+-----+--------+

Top non-repeatable levels by time:
       D: 6034 daAuts
